 Dungeon Crawl Stone Soup version 0.18-a0-1435-gee79d65 (webtiles) character file.

11226 M4edhros the Covert (level 11, -1/78 HPs)
             Began as an Octopode Hunter on Feb 29, 2016.
             Was an Initiate of Gozag.
             Slain by a yak (5 damage)
             ... on level 1 of the Lair of Beasts.
             The game lasted 00:27:46 (15384 turns).

M4edhros the Covert (Octopode Hunter)              Turns: 15384, Time: 00:27:47

Health: -1/78      AC:  4    Str: 15    XL:     11   Next: 74%
Magic:  11/11      EV: 18    Int: 13    God:    Gozag
Gold:   497        SH:  0    Dex: 15    Spells: 1 memorised, 8 levels left

rFire  + . .     SeeInvis .     I - +4 glaive of Moderation {flame, Str+2}
rCold  . . .     Gourm    +     (shield currently unavailable)
rNeg   . . .     Faith    .     (helmet restricted)
rPois  .         Spirit   .     h - amulet of the gourmand
rElec  .         Dismiss  .     g - +3 ring of protection
rCorr  +         Reflect  .     i - ring of protection from magic
SustAt .         Harm     .     B - ring of protection from fire
MR     +....                    D - ring of resist corrosion
Stlth  +++++++...               (no ring)
                                (no ring)
                                (no ring)
                                (no ring)

@: about to teleport, somewhat resistant to hostile enchantments, extremely
stealthy
A: almost no armour, amphibious, 8 rings, constrict 8, camouflage 1, gelatinous
body 1
a: Potion Petition, Call Merchant, Bribe Branch, Renounce Religion


You were on level 1 of the Lair of Beasts.
You worshipped Gozag.
Gozag was noncommittal.
You were not hungry.

You visited 3 branches of the dungeon, and saw 15 of its levels.
You visited 1 bazaar.

You collected 2198 gold pieces.
You spent 814 gold pieces at shops.
You paid 887 gold pieces to Gozag.

Inventory:

Hand Weapons
 a - a +5 hunting sling
 b - a +0 short sword
 m - a +2 antimagic halberd
 I - the +4 glaive of Moderation (weapon) {flame, Str+2}
   (You bought it in a shop in a bazaar)

   It has been specially enchanted to burn those struck by it, causing extra
   injury to most foes and up to half again as much damage against particularly
   susceptible opponents.
   Big, fiery blades are also staple armaments of hydra-hunters.
   It affects your strength (+2).
Missiles
 c - 29 sling bullets
 o - 48 stones (quivered)
 E - 2 sling bullets of flame
 G - 8 steel tomahawks
Jewellery
 g - a +3 ring of protection (left tentacle)
 h - an amulet of the gourmand (around mantle)
 i - a ring of protection from magic (right tentacle)
 r - an uncursed amulet of magic regeneration
 B - a ring of protection from fire (on tentacle)
 D - a ring of resist corrosion (on tentacle)
Wands
 p - a wand of heal wounds (3/9)
 q - a wand of random effects (35/48)
 t - a wand of polymorph (7/24)
 u - a wand of hasting (6/9)
 x - a wand of slowing (2/48)
 y - a wand of lightning (1/15)
 F - a wand of flame (24/48)
Scrolls
 e - 4 scrolls of noise
 l - 5 scrolls of blinking
 n - 2 scrolls of recharging
 s - 4 scrolls of teleportation
 w - 2 scrolls of immolation
 z - 2 scrolls of enchant armour {unknown}
 C - 2 scrolls of identify
 J - a scroll of vulnerability {unknown}
Potions
 A - 2 potions of curing
 K - a potion of heal wounds
Books
 k - a book of Alchemy

   Spells                             Type                      Level
   a - Sublimation of Blood           Necromancy                   2
   b - Ignite Poison                  Fire/Transmutation/Poison    3
   c - Petrify                        Transmutation/Earth          4
   d - Alistair's Intoxication        Transmutation/Poison         5
   e - Irradiate                      Conjuration/Transmutation    5
 v - a book of Geomancy

   Spells                             Type                      Level
   a - Sandblast                      Earth                        1
   b - Passwall                       Transmutation/Earth          2
   c - Stone Arrow                    Conjuration/Earth            3
   d - Petrify                        Transmutation/Earth          4
   e - Lee's Rapid Deconstruction     Earth                        5
 H - a book of Air

   Spells                             Type                      Level
   a - Shock                          Conjuration/Air              1
   b - Swiftness                      Charms/Air                   2
   c - Repel Missiles                 Charms/Air                   2
   d - Static Discharge               Conjuration/Air              3
   e - Lightning Bolt                 Conjuration/Air              5
Comestibles
 d - 7 bread rations
 f - 8 fruits
 j - 7 meat rations


   Skills:
 * Level 8.7 Fighting
 + Level 6.4 Polearms
 - Level 8.3 Slings
 - Level 10.2 Dodging
 * Level 11.8 Stealth


You had 8 spell levels left.
You knew the following spells:

 Your Spells              Type           Power        Failure   Level  Hunger
a - Repel Missiles        Chrm/Air       #.....       47%         2    ###....


Dungeon Overview and Level Annotations

Branches:
Dungeon (12/15)            Temple (1/1) D:4            Lair (2/8) D:10
    Orc: D:9-12

Altars:
Ashenzari
Cheibriados
Dithmenos
Elyvilon
Fedhas
Gozag
Kikubaaqudgha
Makhleb
Nemelex Xobeh
Okawaru
Pakellas
Qazlal
Ru
Sif Muna
Trog
Vehumet
Xom
Yredelemnul
Zin
The Shining One

Shops:
D:4 %[%(   D:7 =(   D:9 ?

Annotations:
D:4 Amnesiac's ghost, amateur OpTm
D:11 Fannar


Innate Abilities, Weirdness & Mutations

You cannot wear most types of armour.
You are amphibious.
You can wear up to eight rings at the same time.
You can use your tentacles to constrict eight enemies at once.
Your skin changes colour to match your surroundings (Stealth).
Your rubbery body absorbs attacks (AC +1).


Message History

You climb upwards.
There is a stone staircase leading down here.
Read which item? (? for menu, Esc to quit)
As you read the scroll of teleportation, it crumbles to dust.
You feel strangely unstable. The yak closely misses you. The yak gores you!
The yak closely misses you.
You hit the yak. You burn the yak.
The yak is lightly wounded.
The yak gores you! The yak gores you.
* * * LOW HITPOINT WARNING * * *
The yak gores you!
* * * LOW HITPOINT WARNING * * *
You slice the yak!! You burn the yak. You squeeze the yak.
The yak is almost dead.
The yak gores you.
* * * LOW HITPOINT WARNING * * *
The yak closely misses you. The yak gores you but does no damage.
The yak completely misses you. The yak gores you.
You die...
Your body crumbles into a pile of gold.

#........##.....#.....#
#...........#####.....#
#..........## #.....#
#........### #...=.#
#.........# #.....#
#........## ###.###
##.####### #..# #...####
##.# #....Y@# #.#
#....YY##### #.#
#.......##.########.##
##.............#......#
#.......###.##........#
#.......#######.......##
##.......# ##........
#.......# #......#.
#......P# #.^....##


You could see 3 yaks.

Vanquished Creatures
  3 hill giants
  Pikel (D:5)
  A black mamba (Lair:1)
  A spiny frog (Lair:1)
  A troll (D:10)
  17 yaks
  A vampire (D:10)
  A wyvern (D:8)
  A wraith (D:10)
  2 water moccasins
  2 ice beasts
  A porcupine (Lair:1)
  3 orc warriors
  2 sky beasts
  A necrophage (D:8)
  5 phantoms
  5 ogres
  An eye of draining (D:6)
  6 centaurs
  3 crocodiles
  11 giant frogs
  A gnoll sergeant (D:4)
  A water moccasin zombie (D:8)
  A wyvern skeleton (D:10)
  4 scorpions
  4 crimson imps
  A centaur zombie (D:6)
  7 howler monkeys
  2 jellies
  A quasit (D:8)
  4 orc priests
  3 centaur skeletons
  5 hounds
  5 giant frog skeletons
  5 worker ants
  2 orc wizards (D:9)
  2 killer bee zombies
  2 howler monkey skeletons (D:4)
  A worker ant zombie (D:11)
  9 gnolls
  15 adders
  7 river rats (Lair:1)
  A shadow imp (D:7)
  An ooze (D:3)
  An adder skeleton (D:4)
  A worm (D:3)
  2 dart slugs
  4 giant geckos
  19 orcs
  2 ball pythons
  13 bats
  3 giant cockroaches
  12 goblins
  4 hobgoblins
  16 jackals
  5 quokkas
  A giant gecko skeleton (D:6)
  6 giant newts
  A jackal skeleton (D:4)
  A jackal zombie (D:8)
  9 kobolds
  A quokka skeleton (D:9)
  8 rats
  A butterfly (D:3)
263 creatures vanquished.

Vanquished Creatures (others)
  An orc (D:5)
  2 fungi (Lair:1)
3 creatures vanquished.

Grand Total: 266 creatures vanquished

Notes
Turn   | Place    | Note
--------------------------------------------------------------
     0 | D:1      | M4edhros the Octopode Hunter began the quest for the Orb.
     0 | D:1      | Reached XP level 1. HP: 14/14 MP: 1/1
   315 | D:1      | Reached XP level 2. HP: 19/19 MP: 2/2
   637 | D:2      | Reached XP level 3. HP: 24/24 MP: 3/3
   758 | D:2      | Found a blossoming altar of Fedhas.
  1154 | D:2      | Reached XP level 4. HP: 29/29 MP: 4/4
  1862 | D:3      | Reached XP level 5. HP: 34/34 MP: 5/5
  2329 | D:4      | Found a staircase to the Ecumenical Temple.
  2329 | D:4      | Found Catal's Food Emporium.
  2329 | D:4      | Found Mitsoet's Weapon Shoppe.
  2417 | Temple   | Entered the Ecumenical Temple
  2657 | D:4      | Reached skill level 5 in Slings
  2717 | Temple   | Became a worshipper of Gozag Ym Sagoz the Greedy
  2822 | D:4      | Found Xir Uqiv's Antique Armour Boutique.
  2834 | D:4      | Reached skill level 5 in Dodging
  2855 | D:4      | Noticed a phantom
  2890 | D:4      | Killed a phantom
  2890 | D:4      | Reached XP level 6. HP: 39/39 MP: 6/6
  2931 | D:4      | Noticed a phantom
  2958 | D:4      | Noticed Amnesiac's ghost (amateur OpTm)
  2976 | D:4      | Killed a phantom
  2988 | D:4      | Noticed a phantom
  3223 | D:4      | Found Ikasm's Weapon Emporium.
  3231 | D:4      | Reached XP level 7. HP: 45/45 MP: 7/7
  3386 | D:4      | You fall through a shaft!
  3386 | D:5      | Entered Level 5 of the Dungeon
  4597 | D:4      | Reached XP level 8. HP: 41/50 MP: 8/8
  4699 | D:4      | Found Waegoblo's Food Shoppe.
  5090 | D:5      | Noticed Pikel
  5108 | D:5      | Killed Pikel
  5444 | D:6      | Found a bloodstained altar of Trog.
  5838 | D:6      | Reached XP level 9. HP: 24/54 MP: 9/9
  6938 | D:5      | Reached skill level 2 in Stealth
  7102 | D:6      | Reached skill level 10 in Dodging
  7346 | D:7      | Reached skill level 3 in Stealth
  7445 | D:7      | Found Idag's Weapon Shop.
  7475 | D:7      | Found a shattered altar of Ashenzari.
  7680 | D:7      | Reached skill level 1 in Polearms
  7765 | D:7      | Reached skill level 4 in Stealth
  8154 | D:8      | Reached skill level 5 in Stealth
  8295 | D:8      | Reached XP level 10. HP: 26/63 MP: 10/10
  8340 | D:8      | Found an iron altar of Okawaru.
  8520 | D:8      | Reached skill level 6 in Stealth
  8915 | D:9      | Found a basalt altar of Yredelemnul.
  9227 | D:9      | Found a glowing silver altar of Zin.
  9227 | D:9      | Found a white marble altar of Elyvilon.
  9391 | D:9      | Found Ugunirei's Magic Scroll Emporium.
  9555 | D:9      | Found a glowing golden altar of the Shining One.
 10040 | D:10     | Entered Level 10 of the Dungeon
 10040 | D:10     | Noticed a hill giant
 10056 | D:9      | Killed a hill giant
 10056 | D:9      | Reached skill level 5 in Fighting
 10056 | D:9      | Reached skill level 7 in Stealth
 10193 | D:10     | Reached skill level 8 in Stealth
 10769 | D:10     | Reached skill level 9 in Stealth
 10946 | D:10     | Noticed a hill giant
 10952 | D:10     | Killed a hill giant
 10952 | D:10     | Reached skill level 5 in Polearms
 11019 | D:10     | Reached XP level 11. HP: 39/74 MP: 11/11
 11933 | D:10     | Reached skill level 10 in Stealth
 12337 | D:10     | Found a staircase to the Lair.
 12351 | D:10     | Noticed a hill giant
 12373 | D:10     | Killed a hill giant
 12817 | D:11     | Noticed Fannar
 12826 | D:12     | Noticed a cyclops
 12955 | D:12     | Found a flickering gateway to a bazaar.
 13076 | Bazaar   | Entered a bazaar
 13078 | Bazaar   | Found Bymihez's Weapon Shop.
 13097 | Bazaar   | Found Rolol's Book Boutique.
 13122 | Bazaar   | Found Xeckacs's Gadget Shoppe.
 13163 | Bazaar   | Found Tacko's Weapon Shoppe.
 13273 | Bazaar   | Bought a book of Air for 385 gold pieces
 13276 | Bazaar   | Learned a level 2 spell: Repel Missiles
 13343 | Bazaar   | Bought the +4 glaive of Moderation {flame, Str+2} for 429 gold pieces
 13438 | D:12     | Noticed a skeletal warrior
 13442 | D:12     | Noticed a skeletal warrior
 13443 | D:12     | Noticed a skeletal warrior
 13446 | D:12     | Noticed a skeletal warrior
 13948 | D:10     | Reached skill level 11 in Stealth
 14054 | Lair:1   | Entered Level 1 of the Lair of Beasts
 15384 | Lair:1   | Slain by a yak

Vault maps used:
D:1:      onia_arrival_pyramid, roderic_whirl
D:2:      lemuel_doored_altar, minmay_stone_trees_large
D:4:      minmay_temple_entry_butterflies, serial_shops, shop,
          nicolae_shop_crystal, shop, shop, nicolae_shop_statue_plus
D:5:      first_bread, uniq_pikel
D:6:      trog_eyes_of_draining, serial_bayou_pond_c, minmay_parallelograms,
          hangedman_decor_lopped
D:7:      serial_shops, shop, grunt_ogre_cave, serial_bayou_pond_e,
          nicolae_ashenzari_panopticon
D:8:      okawaru_gym_becter
D:9:      grunt_temple_overflow_open, serial_shops, shop_scrolls
D:10:     lair_0_dummy, hangedman_decor_peaks_small, kennysheep_doodads
D:11:     orc_0_dummy, uniq_fannar
D:12:     serial_shops, bzr_entry_water
Temple:   minmay_temple_curvy_14
Lair:2:   basic_altar, grunt_megastairs_5, uniq_harold
Bazaar:   bazaar_jpeg_ninerooms_3

Skill      XL: |  1  2  3  4  5  6  7  8  9 10 11 |
---------------+----------------------------------+-----
Dodging        | 3 4 5 6 7 9 10 | 10.2
Slings         | 5 6 7 8 |  8.3
Stealth        | 5 9 11 | 11.8
Polearms       | 2 5 6 |  6.4
Fighting       | 3 6 8 |  8.7

Action                   |  1- 3 |  4- 6 |  7- 9 | 10-12 || total
-------------------------+-------+-------+-------+-------++-------
Melee: Hunting sling     |       |     5 |    22 |     1 ||    28
       Short sword       |       |       |   198 |     5 ||   203
       Halberd           |       |       |    29 |    78 ||   107
       Glaive            |       |       |       |    85 ||    85
 Fire: Hunting sling     |    75 |   236 |   237 |   362 ||   910
Invok: Potion Petition   |       |       |     1 |       ||     1
       Call Merchant     |       |       |     1 |       ||     1
Evoke: Wand              |       |     3 |     8 |     8 ||    19
  Use: Potion            |       |     1 |    10 |     8 ||    19
       Scroll            |       |     1 |    14 |     5 ||    20
 Stab: Sleeping          |       |       |    10 |    13 ||    23
       Confused          |       |       |     1 |       ||     1
       Distracted        |       |       |       |     3 ||     3
  Eat: Chunk             |       |     4 |       |       ||     4
       Royal jelly       |       |     1 |     2 |     1 ||     4
       Meat ration       |       |       |     2 |     3 ||     5
       Beef jerky        |       |       |     1 |     5 ||     6
